[Event "*** Titled Tuesday Blitz"]
[Site "Chess.com"]
[Date "2021.04.27"]
[Round "11"]
[White "MartinMatthiesen"]
[Black "Lyschko"]
[Result "1-0"]
[WhiteElo "2449"]
[BlackElo "2292"]
[TimeControl "180+1"]
[EndTime "12:03:34 PDT"]
[Termination "MartinMatthiesen won by resignation"]

1. d4 d6 2. Nf3 Nf6 3. c4 Nbd7 4. Nc3 e5 5. Bg5 Be7 6. e3 O-O 7. Qc2 c6 8. O-O-O Re8 9. dxe5 dxe5 10. Nxe5 Qa5 11.
Nf3 Bb4 12. Bd3 Bxc3 13. Qxc3 Qxc3+ 14. bxc3 h6 15. Bh4 g5 16. Bg3 Nc5 17. h4 g4 18. Nd4 Nxd3+ 19. Rxd3 Ne4 20. Rf1 c5 21. Nb5 Bf5 22. Rd5 Be6 23. Nc7 Bxd5 24. cxd5 Nxg3 25. fxg3 Rxe3 26. Nxa8 Rxc3+ 27. Kd2 Rxg3 28. d6 c4 29. Kc2 Rxg2+ 30. Kc3 Kf8 31. Nc7 g3 32. Rd1 Rxa2 33.
d7 Ra3+ 34. Kxc4 b5+ 35. Nxb5 Ra4+ 36. Kb3 1-0

[Event "*** Titled Tuesday Blitz"]
[Site "Chess.com"]
[Date "2021.04.27"]
[Round "11"]
[White "rachidhuilda"]
[Black "JoseRemolar"]
[Result "0-1"]
[WhiteElo "2279"]
[BlackElo "2433"]
[TimeControl "180+1"]
[EndTime "12:03:34 PDT"]
[Termination "JoseRemolar won on time"]

1. d4 Nf6 2. Bg5 g6 3. Bxf6 exf6 4. e3 Bg7 5. g3 O-O 6. Bg2 d5 7. Ne2 c6 8. O-O Be6 9. Nd2 f5 10. Nf4 Nd7 11. Nxe6 fxe6 12. c4 Nf6 13. b4 Ne4 14. Nxe4 fxe4 15. Qb3 Rf7 16. b5 Qg5 17. bxc6 bxc6 18.
Rab1 Raf8 19. Qa4 Rxf2 20. Rxf2 Qxe3 21. Rf1 Bxd4 22. Qc2 dxc4 23. Bh3 c3 24. Bxe6+ Kg7 25. Bb3 Qf3 26. Bc4 Bxf2+ 27. Rxf2 Qxf2+ 28. Kh1 Qxc2 0-1

[Event "*** Titled Tuesday Blitz"]
[Site "Chess.com"]
[Date "2021.04.27"]
[Round "11"]
[White "sokidze"]
[Black "rasmussvane"]
[Result "0-1"]
[WhiteElo "2697"]
[BlackElo "2897"]
[TimeControl "180+1"]
[EndTime "12:03:35 PDT"]
[Termination "rasmussvane won by resignation"]

1. d4 d5 2. Nf3 e6 3. g3 Nf6 4. Bg2 Be7 5. c4 O-O 6. Qc2 c5 7. O-O cxd4 8. Nxd4 e5 9. Nf5 d4 10. Nxe7+ Qxe7 11. b4 Rd8 12. c5 h6 13. Nd2 Nc6 14.
a3 Bg4 15. Ne4 d3 16. Nxf6+ Qxf6 17. exd3 Nd4 18. Qb2 Bf3 19. Ra2 Ne2+ 20. Kh1 Rxd3 21. Be3 Rad8 22. b5 Qf5 23. Qxe2 Bxe2 24. Rxe2 e4 25.
Ree1 Rxa3 26. Rc1 Rc8 27. Rfd1 Rxe3 28. fxe3 Rxc5 29. Rd8+ Kh7 30. Rf1 Qe6 31. Rd4 Rxb5 32.
Bxe4+ g6 33. Bg2 Kg7 34. Rdf4 Rf5 35. Rxf5 gxf5 36. Bxb7 Qxe3 37. Bg2 Qe5 38. Rb1 a5 39. Kg1 Qd4+ 40. Kf1 Qd3+ 41. Kf2 Qxb1 0-1

[Event "*** Titled Tuesday Blitz"]
[Site "Chess.com"]
[Date "2021.04.27"]
[Round "11"]
[White "Chessbard1972"]
[Black "annacramling"]
[Result "1-0"]
[WhiteElo "2244"]
[BlackElo "2071"]
[TimeControl "180+1"]
[EndTime "12:03:36 PDT"]
[Termination "Chessbard1972 won by resignation"]

1. e4 c5 2. Nc3 Nc6 3. f4 g6 4. Bc4 e6 5. Nf3 Bg7 6. d3 Nge7 7. f5 gxf5 8. O-O d5 9. exd5 exd5 10. Bb3 Be6 11.
Bg5 h6 12. Bh4 O-O 13. Qd2 c4 14. Ba4 Qb6+ 15. Bf2 Qxb2 16. d4 Qb6 17. Rab1 Qc7 18. Bg3 Qd7 19. Bf4 Kh7 20. Qf2 Ng6 21. Bd2 a6 22. Bxc6 Qxc6 23. h4 b5 24. h5 Ne7 25.
Qh4 Qd7 26. Ne2 Nc6 27. c3 Qe7 28. Qg3 Bf6 29. Qf4 Bg7 30. Ng3 Rae8 31. Nxf5 Bxf5 32. Qxf5+ Kh8 33. Qxd5 Qe6 34. Qc5 Ne7 35. Rbe1 Qd7 36. Ne5 Bxe5 37. Rxe5 Nc6 38. Rd5 Ne7 39. Rxd7 Ng6 40. hxg6 fxg6 41. Bxh6 Rxf1+ 42. Kxf1 1-0

[Event "*** Titled Tuesday Blitz"]
[Site "Chess.com"]
[Date "2021.04.27"]
[Round "11"]
[White "fabianvivasz"]
[Black "politeplayer"]
[Result "1-0"]
[WhiteElo "2364"]
[BlackElo "2249"]
[TimeControl "180+1"]
[EndTime "12:03:38 PDT"]
[Termination "fabianvivasz won by resignation"]

1. c4 g6 2. Nc3 Bg7 3. g3 c5 4.
Bg2 Nc6 5. Nf3 e5 6. O-O Nge7 7. a3 O-O 8. b4 d6 9. Rb1 Bf5 10. d3 Qd7 11. Ne1 Bh3 12. Bxh3 Qxh3 13. bxc5 dxc5 14.
Rxb7 Rab8 15. Rxb8 Rxb8 16. Be3 Nd4 17. Bxd4 exd4 18. Ne4 Rb6 19. Nxc5 g5 20. Qa4 Rh6 21. Nf3 g4 22. Qe8+ Bf8 23. Nd7 Ng6 24. Nh4 Rxh4 25. gxh4 Qxh4 26. Rb1 Qg5 27. Rb8 Qc1+ 28. Kg2 Nf4+ 29.
Kg3 Nxe2+ 30. Qxe2 Qxa3 31. Rxf8+ 1-0

[Event "*** Titled Tuesday Blitz"]
[Site "Chess.com"]
[Date "2021.04.27"]
[Round "11"]
[White "Gloomy_Wanderer"]
[Black "Vesper2018"]
[Result "1-0"]
[WhiteElo "2729"]
[BlackElo "2567"]
[TimeControl "180+1"]
[EndTime "12:03:40 PDT"]
[Termination "Gloomy_Wanderer won on time"]

1. d4 Nf6 2. Nf3 g6 3. c4 Bg7 4. g3 O-O 5. Bg2 d6 6. O-O Nc6 7. Nc3 a6 8. d5 Na5 9. b3 c5 10. dxc6 Nxc6 11. Bb2 Bd7 12. Qc1 Qa5 13. Rd1 Qh5 14.
Nd5 Nxd5 15. Bxg7 Kxg7 16. Rxd5 f5 17. c5 Be6 18. Rd2 dxc5 19. Qxc5 Rac8 20. Nd4 Nxd4 21. Qxd4+ Rf6 22. Bxb7 Rb8 23. Bf3 Qh3 24. Rc1 f4 25.
Rc7 Re8 26. Qb4 fxg3 27. hxg3 Rf7 28. Rd4 Qf5 29. Rf4 Qb1+ 30. Kg2 Bf5 31. Qc3+ e5 32.
Rxf7+ Kxf7 33. Bd5+ Kg7 34. Rc4 Qd1 35. Rc7+ Kf6 36.
Rf7+ Kg5 37. Qe3+ Kh5 38. Rxh7+ 1-0

[Event "*** Titled Tuesday Blitz"]
[Site "Chess.com"]
[Date "2021.04.27"]
[Round "11"]
[White "CM_rui"]
[Black "noblerone"]
[Result "1-0"]
[WhiteElo "2513"]
[BlackElo "2394"]
[TimeControl "180+1"]
[EndTime "12:03:41 PDT"]
[Termination "CM_rui won by resignation"]

1. e4 c5 2. Nf3 e6 3. c4 Nc6 4.
d4 cxd4 5. Nxd4 Bc5 6. Be3 Qb6 7.
Nb5 Bxe3 8. fxe3 Qxe3+ 9. Be2 Kf8 10. Rf1 Nge7 11. N1c3 f6 12. Qd6 Qg5 13. g3 Qe5 14. Qa3 a6 15. O-O-O Kg8 16. Nd6 h5 17. Nxc8 Rxc8 18.
Rxd7 Rc7 19. Rfd1 h4 20. gxh4 Rxh4 21. R1d6 Rxh2 22. Rxc7 Rh1+ 23. Nd1 Qg5+ 24. Kb1 Qg3 25. Qxg3 1-0

[Event "*** Titled Tuesday Blitz"]
[Site "Chess.com"]
[Date "2021.04.27"]
[Round "11"]
[White "PawnEatingZombie"]
[Black "tylityli"]
[Result "1/2-1/2"]
[WhiteElo "2256"]
[BlackElo "2316"]
[TimeControl "180+1"]
[EndTime "12:03:43 PDT"]
[Termination "Game drawn by repetition"]

1. d4 Nf6 2. c4 e6 3. Nc3 Bb4 4. Qc2 O-O 5. e4 d5 6. e5 Ne4 7. Bd3 c5 8. Nf3 cxd4 9. Nxd4 Nc6 10. Nxc6 bxc6 11. O-O f5 12. exf6 Nxf6 13. Bg5 h6 14.
Bh4 dxc4 15. Bxc4 Qd4 16. Bxf6 Qxc4 17. Be5 Ba6 18. Rfe1 Qd3 19. Qxd3 Bxd3 20. Rad1 Rad8 21. Re3 Bxc3 22. Bxc3 Bc4 23. Ra1 Rd3 24. Rxd3 Bxd3 25. f3 Bc4 26. Kf2 Rd8 27. a3 Kf7 28. Re1 g6 29. h4 Rd5 30. Re5 Rxe5 31. Bxe5 g5 32.
hxg5 hxg5 33. g4 a6 34. Ke3 Bd5 35. b4 Ke7 36. f4 gxf4+ 37. Kxf4 Kf7 38. Kg5 Be4 39.
Kh6 Bg6 40. g5 Be4 41. Bd4 Bf5 42. Be5 Bg6 43. Bd4 Bf5 44. Be5 Bg6 45. Bd4 Bf5 1/2-1/2

[Event "*** Titled Tuesday Blitz"]
[Site "Chess.com"]
[Date "2021.04.27"]
[Round "11"]
[White "KeithArkell"]
[Black "DFeco"]
[Result "1-0"]
[WhiteElo "2606"]
[BlackElo "2321"]
[TimeControl "180+1"]
[EndTime "12:03:44 PDT"]
[Termination "KeithArkell won by resignation"]

1. d4 d5 2. Nf3 Nf6 3. c4 c6 4. Qc2 dxc4 5. Qxc4 Bg4 6. Nbd2 Nbd7 7. g3 e6 8. Bg2 Bd6 9. O-O O-O 10. e4 e5 11.
dxe5 Nxe5 12. Nxe5 Bxe5 13. Nf3 Bxf3 14. Bxf3 Re8 15. Rd1 Qb6 16. Rb1 Rad8 17. Be3 Qa5 18. Rxd8 Rxd8 19. b4 Qa4 20. Qb3 Qxb3 21. Rxb3 b6 22.
Ra3 Bb8 23. Bf4 Bxf4 24. gxf4 Rd7 25. e5 Nd5 26. Bxd5 cxd5 27. Kf1 Kf8 28. Ke2 Ke7 29.
f5 g6 30. fxg6 hxg6 31. Kd3 Ke6 32. f4 Rc7 33. Rc3 Rd7 34. Rc6+ Kf5 35. Rf6+ Kg4 36. Kd4 g5 37. fxg5 Kxg5 38. Rd6 Rc7 39. Rf6 Rd7 40. b5 Rc7 41. Kxd5 Rc5+ 42. Kd6 Rxb5 43. Rxf7 Ra5 44. Rf2 Ra3 45. e6 Rd3+ 46. Kc6 Re3 47.
Kd7 Rd3+ 48. Ke8 Kg6 49. e7 Kg7 50. Rg2+ Kh7 51. Rg5 a5 52. Kf7 Rf3+ 53. Ke6 Re3+ 54. Re5 Rxe5+ 55. Kxe5 1-0

[Event "*** Titled Tuesday Blitz"]
[Site "Chess.com"]
[Date "2021.04.27"]
[Round "11"]
[White "1977Ivan"]
[Black "gmpeter008"]
[Result "1-0"]
[WhiteElo "2663"]
[BlackElo "2483"]
[TimeControl "180+1"]
[EndTime "12:03:47 PDT"]
[Termination "1977Ivan won by resignation"]

1. d4 Nf6 2. c4 e6 3. Nc3 d5 4.
Bg5 Be7 5. e3 O-O 6. Nf3 Nbd7 7.
Qc2 dxc4 8. Bxc4 a6 9. a4 b6 10.
O-O Bb7 11. Rfd1 Qc8 12. Rac1 c5 13. Ba2 h6 14. Bh4 Bxf3 15. gxf3 cxd4 16. exd4 Qd8 17. Bg3 Rc8 18. Qe2 Nb8 19. d5 exd5 20. Nxd5 Rxc1 21. Nxf6+ Bxf6 22. Rxc1 a5 23. Rc7 Bh4 24. Qe5 Bxg3 25. hxg3 Nd7 26. Qd6 Nc5 27. Bxf7+ Kh8 28. Qxd8 Rxd8 29.
b3 Rd7 30. Rc8+ Kh7 31. Bc4 Kg6 32. Kg2 Rd6 33. f4 Kf6 34. Kf3 g5 35. Rc7 gxf4 36. Kxf4 Rd4+ 37. Ke3 Re4+ 38. Kf3 Rd4 39. Rc6+ Ke5 40.
Rxb6 Rd2 41. Rb5 Kd4 42. Rxa5 Ne4 43. Rd5+ 1-0

[Event "*** Titled Tuesday Blitz"]
[Site "Chess.com"]
[Date "2021.04.27"]
[Round "11"]
[White "ybruned"]
[Black "Kozok"]
[Result "0-1"]
[WhiteElo "2386"]
[BlackElo "2529"]
[TimeControl "180+1"]
[EndTime "12:03:49 PDT"]
[Termination "Kozok won by resignation"]

1. b3 Nf6 2. Bb2 g6 3. Bxf6 exf6 4. c4 Bg7 5. Nc3 O-O 6. g3 f5 7.
Bg2 c6 8. e3 d6 9. Nge2 Be6 10.
O-O Nd7 11. d4 Nf6 12. h4 d5 13. cxd5 Nxd5 14. Nxd5 Bxd5 15. Bxd5 Qxd5 16. Nf4 Qd6 17. Rc1 h6 18. Qf3 Rfe8 19. Rc2 Rad8 20. Rfc1 Re4 21. Rc5 Bf6 22. a4 Kg7 23. Kg2 Rde8 24.
R1c2 Bd8 25. Rc1 Bb6 26. R5c4 Qa3 27. Qd1 g5 28. hxg5 hxg5 29. Nh3 Kg6 30. Ra1 Qd6 31. a5 Bc7 32. a6 Rxe3 33. Nf4+ gxf4 34. fxe3 Rxe3 35.
Qd2 f3+ 36. Kf2 Re2+ 37. Qxe2 Qxg3+ 38. Ke3 Bf4+ 39. Kd3 fxe2+ 40. Kxe2 Qe3+ 41. Kf1 Qf3+ 42. Ke1 b5 43. Rc2 Qh1+ 44. Ke2 Qxa1 0-1

[Event "*** Titled Tuesday Blitz"]
[Site "Chess.com"]
[Date "2021.04.27"]
[Round "11"]
[White "CrushingKings"]
[Black "JoliyRoger"]
[Result "1-0"]
[WhiteElo "2518"]
[BlackElo "2394"]
[TimeControl "180+1"]
[EndTime "12:03:52 PDT"]
[Termination "CrushingKings won on time"]

1. e4 c6 2. Nf3 d5 3. Nc3 Nf6 4. e5 Ne4 5. Ne2 Qb6 6. d4 e6 7. Nfg1 h6 8. h4 c5 9. f3 cxd4 10. fxe4 dxe4 11. Qxd4 Bc5 12. Qxe4 Nc6 13. Nh3 Bd7 14. c3 a5 15. Nef4 O-O-O 16. Nd3 f5 17. exf6 gxf6 18. Nxc5 Qxc5 19. Be3 Qh5 20. Be2 Qf7 21.
O-O-O f5 22. Qc4 Qg7 23. Bf3 e5 24. Bb6 Rde8 25. Qd5 e4 26. Qd6 Be6 27. Bh5 Re7 28. Nf4 Bxa2 29. Rd2 Rg8 30. Rhd1 Qf8 31. Ng6 Rxg6 32.
Bxg6 Qf6 33. Qd8+ 1-0

[Event "*** Titled Tuesday Blitz"]
[Site "Chess.com"]
[Date "2021.04.27"]
[Round "11"]
[White "fyall777"]
[Black "Gerodot71"]
[Result "0-1"]
[WhiteElo "2416"]
[BlackElo "2568"]
[TimeControl "180+1"]
[EndTime "12:03:53 PDT"]
[Termination "Gerodot71 won on time"]

1. d4 Nf6 2. c4 e6 3. Nc3 Bb4 4. e3 d5 5. Ne2 dxc4 6. a3 Be7 7. Ng3 c5 8. Bxc4 cxd4 9. exd4 Nc6 10. d5 exd5 11.
Nxd5 Nxd5 12. Qxd5 Qxd5 13. Bxd5 O-O 14. O-O Bf6 15.
Ne4 Be5 16. Rd1 Bf5 17. Be3 Rfd8 18. Nc3 Kf8 19. Rac1 Ke8 20. Bc5 g5 21. Re1 f6 22.
Nb5 Kd7 23. Rcd1 Be6 24. Be4+ Ke8 25. Nd6+ Bxd6 26. Bxd6 Kf7 27. Bxh7 f5 28. g4 fxg4 29. Be4 Rd7 30. Bxc6 bxc6 31. Be5 Bd5 0-1

[Event "*** Titled Tuesday Blitz"]
[Site "Chess.com"]
[Date "2021.04.27"]
[Round "11"]
[White "827883"]
[Black "KonstantinB_1983"]
[Result "0-1"]
[WhiteElo "2283"]
[BlackElo "2485"]
[TimeControl "180+1"]
[EndTime "12:03:54 PDT"]
[Termination "KonstantinB_1983 won by resignation"]

1. e4 c5 2. Nf3 Nc6 3. d4 cxd4 4. Nxd4 Nf6 5. Nc3 d6 6. f4 Qb6 7. Nb3 e6 8. Qf3 Nb4 9. Bd3 Bd7 10. Be3 Qc7 11. O-O-O Nxd3+ 12. Rxd3 Be7 13. e5 Bc6 14.
Qg3 dxe5 15. fxe5 Nh5 16. Qf2 Qxe5 17. Rg1 Nf6 18. g4 Ne4 19. Nxe4 Bxe4 20. Rc3 O-O 21.
Bd4 Qd5 22. Kb1 Rac8 23. h4 e5 24. Rxc8 Rxc8 25. Bc3 a6 26. Nd2 Bc5 27. Qe1 Bxg1 28. Nxe4 Bd4 29. Bxd4 Qxd4 30. g5 Rd8 31. Nc3 e4 32. a3 e3 33. h5 Qd2 34. Qf1 e2 35. Qxe2 Qxe2 36. Nxe2 Rd5 37. g6 Rxh5 38. gxf7+ Kxf7 39. c4 Re5 40. Nd4 h5 41. Kc2 h4 42. Nf3 Rh5 43.
Kd3 g5 44. Nh2 Rh6 45. Ke4 Rf6 46. b4 Rf2 47. Ng4 Rf4+ 0-1

[Event "*** Titled Tuesday Blitz"]
[Site "Chess.com"]
[Date "2021.04.27"]
[Round "11"]
[White "NoGalloNoParty"]
[Black "Grineva_Marianna"]
[Result "1-0"]
[WhiteElo "2351"]
[BlackElo "2240"]
[TimeControl "180+1"]
[EndTime "12:03:54 PDT"]
[Termination "NoGalloNoParty won by resignation"]

1. d4 d6 2. Nf3 Nd7 3. c4 Ngf6 4.
Nc3 g6 5. e4 Bg7 6. Be2 O-O 7.
Be3 e5 8. O-O c6 9. d5 Qc7 10.
b4 a5 11. a3 Nxe4 12. Nxe4 f5 13. Neg5 Nf6 14. Rc1 h6 15. Ne6 Bxe6 16. dxe6 f4 17. Bd2 e4 18. Bxf4 exf3 19. Bxf3 Rad8 20. c5 Nd5 21. Bxd5 cxd5 22. cxd6 Qb6 23. e7 Rxf4 24. Qxd5+ Kh7 25. exd8=Q Qxd8 26. Rc7 axb4 27. axb4 Qf8 28. d7 Qd8 29. Rc8 Rd4 30. Qxd4 Bxd4 31. Rxd8 1-0

[Event "*** Titled Tuesday Blitz"]
[Site "Chess.com"]
[Date "2021.04.27"]
[Round "11"]
[White "SargissyanSargis"]
[Black "paulrusan"]
[Result "0-1"]
[WhiteElo "2328"]
[BlackElo "2239"]
[TimeControl "180+1"]
[EndTime "12:03:54 PDT"]
[Termination "paulrusan won by resignation"]

1. e4 c5 2. Nc3 e6 3. Nf3 a6 4. d4 cxd4 5. Nxd4 Qc7 6. f4 d6 7. Be2 Nf6 8. O-O Be7 9. Be3 O-O 10. Qd2 b5 11. a3 Bb7 12. Bf3 Nbd7 13. Qf2 Rac8 14.
Rad1 Qb8 15. Rfe1 Rxc3 16. bxc3 Nxe4 17. Bxe4 Bxe4 18. f5 e5 19. Nb3 Qc7 20. Qd2 Bxf5 21. Rf1 Be6 22. Rde1 Rc8 23. Qf2 Qxc3 24. Nd2 Qxc2 25.
Qg3 Qg6 26. Qf2 d5 27. Nf3 d4 28. Bd2 f6 29. Nxd4 Bc4 30. Ne2 Bc5 31. Be3 Bxe3 32. Qxe3 Nc5 33. Rf3 Nd3 34. Rg3 Qf7 35. Rf1 Nf4 36.
Nxf4 Bxf1 37. Nh5 Qxh5 38. Qa7 Qf7 39. Qxf7+ Kxf7 40. Kxf1 Rc2 41. Rb3 Ra2 42. Rh3 h6 43.
Rc3 g5 44. Rb3 Ke6 45. Rd3 f5 46. Kg1 e4 47. Rc3 Kd5 48. h3 f4 49. Kf1 e3 50.
Rd3+ Ke4 51. Rd6 Rxa3 52. Rxh6 b4 53. Rg6 b3 54. Rxg5 b2 0-1

[Event "*** Titled Tuesday Blitz"]
[Site "Chess.com"]
[Date "2021.04.27"]
[Round "11"]
[White "JoachimMouhamad"]
[Black "Aradhya2000"]
[Result "0-1"]
[WhiteElo "2463"]
[BlackElo "2618"]
[TimeControl "180+1"]
[EndTime "12:03:59 PDT"]
[Termination "Aradhya2000 won on time"]

1. e4 c5 2. Nf3 d6 3. d4 Nf6 4. Nc3 cxd4 5. Nxd4 Nc6 6. Bg5 g6 7.
Bxf6 exf6 8. Bb5 Bd7 9. Nde2 Be6 10. Nf4 Bg7 11. Nxe6 fxe6 12. O-O O-O 13. Bc4 Qe7 14. f4 Kh8 15. Qd2 d5 16. exd5 Qc5+ 17. Kh1 Qxc4 18. dxc6 Qxc6 19. Rad1 f5 20. Rfe1 Rac8 21. Re2 Bxc3 22.
bxc3 Rfd8 23. Qxd8+ Rxd8 24. Rxd8+ Kg7 25. Rd3 Qa4 26.
Rf3 Qxa2 27. h3 a5 28. Kh2 a4 29. Rfe3 Kf6 30. Rd2 Qc4 31. Rd4 Qc5 32. Re5 Qxc3 33. Rxa4 Qxc2 34. Rb4 g5 35. Reb5 gxf4 36. Rxb7 f3 37.
Rb2 Qe4 38. gxf3 Qxf3 39. R7b3 Qf4+ 40. Kg2 h5 41. Kh1 Qe4+ 42. Kg1 h4 43. Kh2 f4 44.
Kg1 e5 45. Kf2 Qh1 46. Rb6+ Kf5 47. R6b3 Qh2+ 48. Kf1 Qh1+ 49. Kf2 Qd5 50. Rb5 Qd4+ 51. Kf1 Qd3+ 52. Kf2 Qg3+ 53. Kf1 Qxh3+ 54. Ke1 Qg3+ 55.
Kd1 h3 56. Re2 Qd3+ 0-1

[Event "*** Titled Tuesday Blitz"]
[Site "Chess.com"]
[Date "2021.04.27"]
[Round "11"]
[White "Oleksandr_Bortnyk"]
[Black "KhatanbaatarBazar"]
[Result "1-0"]
[WhiteElo "2955"]
[BlackElo "2693"]
[TimeControl "180+1"]
[EndTime "12:04:02 PDT"]
[Termination "Oleksandr_Bortnyk won by checkmate"]

1. e4 e5 2. Nf3 Nc6 3. d4 exd4 4.
Bc4 Nf6 5. O-O Nxe4 6. Re1 d5 7. Bxd5 Qxd5 8. Nc3 Qa5 9. Rxe4+ Be6 10. Nxd4 O-O-O 11. Be3 Bc5 12. Qh5 Bxd4 13. Qxa5 Nxa5 14. Bxd4 Rhg8 15. b3 Bf5 16. Rf4 Bg6 17. Be3 f6 18. Rc1 Nc6 19. h3 a5 20. a3 b6 21. Nb5 Rge8 22. Rc4 Kb7 23. Bf4 Rd7 24. Rc3 Ne5 25. Re3 Rde7 26. Rce1 Bxc2 27. Rc1 Bg6 28. Bxe5 fxe5 29.
b4 axb4 30. axb4 c6 31. Nd6+ Kc7 32. Nxe8+ Rxe8 33. Rce1 Kd6 34. f4 e4 35. g4 Kd5 36. Kf2 Kc4 37. f5 Bf7 38. Rxe4+ Rxe4 39. Rxe4+ Kb5 40. Re7 Bd5 41. Rxg7 Kxb4 42. f6 Kc5 43. f7 Kd6 44. f8=Q+ Ke6 45. Qe7# 1-0

[Event "*** Titled Tuesday Blitz"]
[Site "Chess.com"]
[Date "2021.04.27"]
[Round "11"]
[White "Srisshhhtea"]
[Black "Witik"]
[Result "1/2-1/2"]
[WhiteElo "2369"]
[BlackElo "2663"]
[TimeControl "180+1"]
[EndTime "12:04:02 PDT"]
[Termination "Game drawn by repetition"]

1. d4 Nf6 2. c4 g6 3. Nc3 Bg7 4. e4 d6 5. Bd3 O-O 6. Nge2 e5 7. d5 a5 8. O-O Na6 9. Be3 Ng4 10. Bd2 f5 11. h3 Nf6 12. f4 Nc5 13.
Bc2 Nfxe4 14. Nxe4 Nxe4 15. Bxe4 fxe4 16. Bc3 Qe7 17.
Qc2 exf4 18. Bxg7 Kxg7 19. Nxf4 Qe5 20. Ne2 Bd7 21. b3 a4 22. Rxf8 Rxf8 23. Rf1 Rxf1+ 24. Kxf1 e3 25. Qc3 Kf6 26. Nd4 axb3 27. axb3 g5 28. Ke2 g4 29. h4 h6 30. Qxe3 Qxe3+ 31. Kxe3 Ke5 32. g3 c5 33. dxc6 bxc6 34. Ne2 Bf5 35.
b4 Be6 36. Kd3 Bf5+ 37. Ke3 Be6 38. Kd3 Bf5+ 39. Ke3 1/2-1/2

[Event "*** Titled Tuesday Blitz"]
[Site "Chess.com"]
[Date "2021.04.27"]
[Round "11"]
[White "Forantes"]
[Black "Nikolaj_6"]
[Result "1-0"]
[WhiteElo "2530"]
[BlackElo "2635"]
[TimeControl "180+1"]
[EndTime "12:04:06 PDT"]
[Termination "Forantes won by resignation"]

1. Nf3 Nf6 2. g3 g6 3. Bg2 Bg7 4. d4 O-O 5. O-O d6 6. b3 Nbd7 7. Bb2 c6 8. c4 Re8 9. Nc3 e5 10. dxe5 dxe5 11. Qc1 a5 12. Rd1 Qc7 13. Ba3 e4 14.
Bd6 Qb6 15. Ng5 e3 16. f4 Nc5 17. Qa3 Bf8 18. Bxc5 Qxc5 19. Qxc5 Bxc5 20. Nge4 Nxe4 21. Nxe4 Be7 22. Nd6 Bxd6 23. Rxd6 a4 24. b4 a3 25. b5 cxb5 26. cxb5 Ra5 27. Rb1 Be6 28. Bxb7 Bxa2 29.
Ra1 Bc4 30. b6 Bxe2 31. Bc6 Rb8 32. b7 Ba6 33. Rd7 a2 34. Rc7 Rc5 35. Rxa2 e2 36. Kf2 Rc1 37. Rxe2 Bxe2 38. Rc8+ Kg7 39. Rxb8 Rxc6 40.
Rg8+ Kxg8 41. b8=Q+ Kg7 42. Qe5+ Rf6 43. Qxe2 1-0

[Event "*** Titled Tuesday Blitz"]
[Site "Chess.com"]
[Date "2021.04.27"]
[Round "11"]
[White "Piotrek1979"]
[Black "Omk124"]
[Result "0-1"]
[WhiteElo "2343"]
[BlackElo "2534"]
[TimeControl "180+1"]
[EndTime "12:04:06 PDT"]
[Termination "Omk124 won on time"]

1. Nf3 Nf6 2. g3 g6 3. Bg2 Bg7 4. O-O O-O 5. c4 c6 6. b3 d5 7. Bb2 Nbd7 8. cxd5 cxd5 9. d3 b6 10. Nbd2 Bb7 11. b4 Re8 12. Qb3 e5 13. e3 Qe7 14.
Rac1 Qd6 15. d4 e4 16. Ne5 Nh5 17. Nxd7 Qxd7 18. a4 Nf6 19. b5 Ng4 20. Ba3 Nh6 21. Rc3 Rac8 22. Rfc1 Rxc3 23. Rxc3 Rc8 24. Qc2 Nf5 25.
Nb1 Nd6 26. Bxd6 Rxc3 27. Nxc3 Qxd6 28. Qb3 Bf8 29. f3 Bh6 30. Kf2 Qe6 31. fxe4 Qf6+ 32.
Ke2 dxe4 33. Bxe4 Bc8 34. Nd5 Bg4+ 35. Kd2 Qf2+ 36. Kc3 Bxe3 37. Kb4 Bxd4 38. Ne7+ Kg7 0-1

[Event "*** Titled Tuesday Blitz"]
[Site "Chess.com"]
[Date "2021.04.27"]
[Round "11"]
[White "beto-betun"]
[Black "kakorrhaphiophobie"]
[Result "0-1"]
[WhiteElo "2216"]
[BlackElo "2302"]
[TimeControl "180+1"]
[EndTime "12:04:06 PDT"]
[Termination "kakorrhaphiophobie won by resignation"]

1. d4 f5 2. Nc3 Nf6 3. Bg5 d5 4. f3 c5 5. e4 Nc6 6. Bb5 fxe4 7.
fxe4 cxd4 8. Bxf6 exf6 9. Nxd5 a6 10. Bc4 Bc5 11. Nf3 Qa5+ 12. c3 dxc3 13. bxc3 Bg4 14. h3 Bh5 15. g4 Bg6 16. Nd4 O-O-O 17. O-O Bxe4 18. Re1 Bxd5 19. Bxd5 Rxd5 20. Qf3 Rhd8 21. Kg2 Bxd4 22. cxd4 Rxd4 23. Rac1 Qd5 24. Qxd5 R8xd5 25. Re8+ Rd8 26. Re2 Rd2 27. Rc2 Rxc2 28. Rxc2 Kc7 29. Kf3 Rd7 30. Kf4 Rd5 31. h4 Kd6 32. g5 f5 33. h5 g6 34. hxg6 hxg6 35. Rh2 Rd4+ 36.
Ke3 Rg4 37. Rh6 Rxg5 38. Kf4 Rg4+ 39. Kf3 Ne5+ 40. Kf2 Nc6 41. Rh7 b6 42. a4 Kc5 43.
Rh8 a5 44. Rc8 Rxa4 0-1

[Event "*** Titled Tuesday Blitz"]
[Site "Chess.com"]
[Date "2021.04.27"]
[Round "11"]
[White "microbear"]
[Black "Chernov_Alexander_A"]
[Result "1/2-1/2"]
[WhiteElo "2207"]
[BlackElo "2322"]
[TimeControl "180+1"]
[EndTime "12:04:07 PDT"]
[Termination "Game drawn by repetition"]

1. e4 c6 2. d4 d5 3. f3 dxe4 4. fxe4 e5 5. Nf3 Bg4 6. Bc4 Nd7 7. O-O Ngf6 8. c3 Bd6 9. Be3 O-O 10. Nbd2 Qe7 11. h3 Bh5 12. Qb3 b5 13. Bd3 a6 14.
a4 c5 15. axb5 axb5 16. Qxb5 Rxa1 17. Rxa1 exd4 18. cxd4 Bxf3 19. Nxf3 Nxe4 20. Ra7 Nef6 21. Bf2 h6 22. Rb7 cxd4 23. Nxd4 Qe5 24. Rxd7 Nxd7 25. Qxd7 Rb8 26. b3 g6 27. Qg4 h5 28. Qd1 Bc5 29. Bc4 Rd8 30. Qc2 Bxd4 31. Qxg6+ Kh8 32. Qh6+ Kg8 33.
Qg6+ Kh8 34. Qh6+ Kg8 35. Qg6+ 1/2-1/2

[Event "*** Titled Tuesday Blitz"]
[Site "Chess.com"]
[Date "2021.04.27"]
[Round "11"]
[White "ErikBlomqvist"]
[Black "ShahMatKanal"]
[Result "0-1"]
[WhiteElo "2555"]
[BlackElo "2434"]
[TimeControl "180+1"]
[EndTime "12:04:09 PDT"]
[Termination "ShahMatKanal won on time"]

1. e4 c6 2. d4 d5 3. exd5 cxd5 4. Bd3 Nc6 5. c3 Qc7 6. h3 g6 7. Nf3 Bh6 8. O-O Bxc1 9. Qxc1 Nf6 10. Qh6 Bd7 11.
Nbd2 O-O-O 12. Rfe1 Rdf8 13. b4 Rhg8 14. b5 Na5 15.
Rac1 Bf5 16. Bxf5+ gxf5 17. Ne5 Kb8 18. Qf4 e6 19. c4 Rc8 20. c5 Ka8 21. Qe3 Ne4 22. Rb1 f6 23. Nd3 e5 24. b6 Qg7 25. g3 f4 26. Qe2 fxg3 27. f3 Ng5 28. Kg2 e4 29.
fxe4 Nxe4 30. Nxe4 dxe4 31. Qxe4 a6 32. d5 f5 33. Qxf5 Nc4 34. c6 Qd4 0-1

[Event "*** Titled Tuesday Blitz"]
[Site "Chess.com"]
[Date "2021.04.27"]
[Round "11"]
[White "vanyakuba"]
[Black "Karttunen"]
[Result "1-0"]
[WhiteElo "2408"]
[BlackElo "2496"]
[TimeControl "180+1"]
[EndTime "12:04:09 PDT"]
[Termination "vanyakuba won by checkmate"]

1. e4 e5 2. Nf3 Nf6 3. Nc3 Nc6 4.
g3 d5 5. exd5 Nxd5 6. d3 Bb4 7.
Bd2 O-O 8. Bg2 Nxc3 9. bxc3 Bd6 10. O-O h6 11. h3 f5 12. Re1 Bd7 13. Rb1 Rb8 14.
Nh4 Kh7 15. Qh5 Be8 16. Qf3 Qf6 17. Qd5 g5 18. Nxf5 Bg6 19. g4 Ne7 20. Nxe7 c6 21.
Qc4 Qxf2+ 22. Kh1 Bxe7 23. Be3 Qg3 24. Bg1 Rf6 25. Bh2 Qf2 26. Rf1 Qxc2 27. Rxf6 Qxb1+ 28. Rf1 Qxd3 29. Qe6 Re8 30. Bxe5 Bf8 31. Rf7+ Kg8 32. Re7+ Bf7 33. Qxf7# 1-0

[Event "*** Titled Tuesday Blitz"]
[Site "Chess.com"]
[Date "2021.04.27"]
[Round "11"]
[White "davigator"]
[Black "mary-sanna"]
[Result "1-0"]
[WhiteElo "2416"]
[BlackElo "2136"]
[TimeControl "180+1"]
[EndTime "12:04:09 PDT"]
[Termination "davigator won on time"]

1. e4 c5 2. Nf3 Nc6 3. d4 cxd4 4. Nxd4 g6 5. Nxc6 bxc6 6. Qd4 Nf6 7. e5 Nd5 8. Bc4 Nc7 9. Nd2 Bg7 10. Qe4 O-O 11.
O-O Ba6 12. Nf3 Bxc4 13. Qxc4 Ne6 14. Qh4 Re8 15. Rd1 Qc7 16. Bh6 Bxe5 17. Nxe5 Qxe5 18. Rxd7 Qxb2 19. Re1 Qc3 20. f3 Rad8 21. Rxa7 Rd4 22. Qf2 Rd2 23. Qxd2 Qc5+ 24. Be3 Qc4 25. Qd3 Qb4 26. Bf2 Rd8 27. Qe4 Qd2 28. Rxe7 Kf8 29. Ra7 Kg7 30. Qe5+ Kg8 31. h4 h5 32. Qe4 Nf4 33.
Qe7 Qd5 34. a4 Rb8 35. Rd7 Qc4 36. Rd4 Qxc2 37. Rxf4 f5 38. Qe6+ Kh7 39. Qf7+ Kh6 40. Be3 1-0